 Dungeon Crawl Stone Soup version 0.29.1-12-g30fa7ad0bf (webtiles) character file.

Game seed: 8229302531137430486

62 growler the Chucker (level 3, -1/26 HPs)
             Began as a Demonspawn Wanderer on Jan 10, 2023.
             Slain by an ufetubus (3 damage)
             ... on level 6 of the Dungeon.
             The game lasted 00:05:19 (1900 turns).

growler the Chucker (Demonspawn Wanderer)           Turns: 1900, Time: 00:05:20

Health: -1/26      AC:  6    Str: 10    XL:     3   Next: 85%
Magic:  7/7        EV: 11    Int: 20    God:
Gold:   68         SH:  0    Dex: 16    Spells: 8/8 levels left

rFire   + . .      SeeInvis .   q - +2 whip "Ciosog" {freeze, rF+ rC++}
rCold   + + .      Faith    .   (no shield)
rNeg    . . .      Spirit   .   d - +0 robe
rPois   .          Reflect  .   (no helmet)
rElec   .          Harm     .   o - +1 cloak "Kiettibo" {Will+ rCorr Int+7}
rCorr   +          Rampage  .   (no gloves)
Will    +....                   f - +1 pair of boots
Stlth   +.........              (no amulet)
HPRegen 0.08/turn               (no ring)
MPRegen 0.10/turn               (no ring)

@: no status effects
A: foul stench 1, powered by pain 1
a: no special abilities


You were on level 6 of the Dungeon.
You visited 1 branch of the dungeon, and saw 4 of its levels.

You collected 68 gold pieces.

Inventory:

Hand Weapons
 a - a +0 short sword
 q - the +2 whip "Ciosog" (weapon) {freeze, rF+ rC++}
   (You found it on level 2 of the Dungeon)

   It freezes those it strikes, dealing additional cold damage.
   It can also slow down cold-blooded creatures.
   rF:        It protects you from fire.
   rC:        It greatly protects you from cold.
Missiles
 e - 5 javelins (quivered)
Armour
 d - a +0 robe (worn)
 f - a +1 pair of boots (worn)
 o - the +1 cloak "Kiettibo" (worn) {Will+ rCorr Int+7}
   (You found it on level 2 of the Dungeon)

   Int:       It affects your intelligence (+7).
   rCorr:     It protects you from acid and corrosion.
   Will:      It increases your willpower.
Jewellery
 k - a ring of flight
Wands
 b - a wand of flame (7)
Scrolls
 c - a scroll of teleportation
 h - 2 scrolls of poison {unknown}
 i - 2 scrolls of identify {unknown}
 m - a scroll of summoning {unknown}
 n - a scroll of amnesia {unknown}
 r - a scroll of immolation {unknown}
Potions
 g - 2 potions of curing {unknown}
 j - a potion of flight {unknown}
 l - a potion of invisibility {unknown}
 p - a potion of attraction {unknown}


   Skills:
 - Level 1.0 Fighting
 - Level 1.0 Short Blades
 + Level 3.2 Throwing
 - Level 1.0 Armour
 - Level 3.0 Spellcasting
 - Level 3.0 Evocations


You had 8 spell levels left.
You didn't know any spells.
Your spell library contained the following spells:

 Spells                   Type           Power      Damage    Failure   Level
 Foxfire                  Conj/Fire      12%        2x1d4     14%         1
 Slow                     Hex            12%        N/A       14%         1
 Summon Small Mammal      Summ           12%        N/A       14%         1
 Sublimation of Blood     Necr           3%         N/A       22%         2
 Call Canine Familiar     Summ           3%         N/A       38%         3
 Confusing Touch          Hex            3%         N/A       38%         3
 Ozocubu's Armour         Ice            3%         N/A       38%         3
 Vampiric Draining        Necr           3%         2d6       38%         3
 Petrify                  Tmut/Erth      3%         N/A       80%         4
 Irradiate                Conj/Tmut      1%         3d12      98%         5


Dungeon Overview and Level Annotations

Branches:
Dungeon (6/15)             Temple (0/1) D:6

Altars:

Shops:
D:1 *


Innate Abilities, Weirdness & Mutations

You may rarely emit foul miasma when damaged in melee.
You sometimes gain a little power by taking damage.


Message History

You kill the bat!
No target in view!
No target in view!
A sourceless malevolence fills the Dungeon...
You fall into a shaft and drop 3 floors!
The shaft crumbles and collapses.
Found a sapphire potion.
Found a staircase to the Ecumenical Temple.
A bullfrog comes into view.
A shadow imp comes into view.
The shadow imp shouts!
You hear a shout!
An ufetubus comes into view.
The bullfrog hits you.
You barely miss the bullfrog. The bullfrog closely misses you.
The bullfrog attacks as you move away! The bullfrog hits you.
The bullfrog completely misses you. The bullfrog attacks as you move away!
The bullfrog hits you but does no damage.
You closely miss the bullfrog. The bullfrog barely misses you. x2
You hit the bullfrog. You freeze the bullfrog.
The bullfrog is moderately wounded.
The bullfrog hits you. x2
You hit the ufetubus.
The ufetubus is severely wounded.
The ufetubus closely misses you. The ufetubus barely misses you.
The bullfrog completely misses you.
You completely miss the ufetubus.
The ufetubus is severely wounded.
The ufetubus hits you but does no damage.
The ufetubus barely misses you. The bullfrog hits you.
The ufetubus closely misses you. The ufetubus hits you. The bullfrog hits you.
* * * LOW HITPOINT WARNING * * *
Unknown command.
You hit the ufetubus but do no damage.
The ufetubus is severely wounded.
The ufetubus hits you but does no damage.
The ufetubus misses you. The bullfrog hits you.
* * * LOW HITPOINT WARNING * * *
You emit a cloud of foul miasma!
The ufetubus hits you.
You die...

# ... ... #. ..
#.. # .. #.#
#.##. #.#.. ....
#....##.# #
#....#.#.#..
#..5........
#....#F#.>.#.##
#.##.#@#.5.#
#......5.#...
.....#.##.#.##.#
.....#. .... .
##.#... #.#.#
#!#.## .# # . .
# ..


You could see a bullfrog, a shadow imp and an ufetubus.

Vanquished Creatures
  2 adders (D:2)
  5 ball pythons (D:1)
  7 endoplasms
  2 giant cockroaches
  5 goblins
  3 hobgoblins (D:2)
  4 jackals (D:1)
  A quokka (D:2)
  2 bats
  3 frilled lizards (D:1)
  2 kobolds
  3 rats
39 creatures vanquished.

Notes
Turn   | Place    | Note
-------+----------+-------------------------------------------
     0 | D:1      | growler the Demonspawn Wanderer began the quest for the
                  | Orb.
     0 | D:1      | growler set off with the following items: a +0 short sword,
                  | a wand of flame (7), a scroll of teleportation, a +0 robe;
                  | and the following spells available to memorise: Foxfire,
                  | Summon Small Mammal, Call Canine Familiar, Ozocubu's
                  | Armour.
     0 | D:1      | Reached XP level 1. HP: 15/15 MP: 4/4
   123 | D:1      | Reached skill level 1 in Throwing
   149 | D:1      | Gained mutation: You sometimes gain a little power by
                  | taking damage. [demonic ancestry]
   149 | D:1      | Reached XP level 2. HP: 8/21 MP: 6/6
   367 | D:1      | Found Rioshou's General Store.
   954 | D:2      | Gained mutation: You may rarely emit foul miasma when
                  | damaged in melee. [demonic ancestry]
   954 | D:2      | Reached XP level 3. HP: 24/26 MP: 7/7
  1461 | D:2      | Identified the +1 cloak "Kiettibo" {Will+ rCorr Int+7}
  1508 | D:2      | Identified the +2 whip "Ciosog" {freeze, rF+ rC++}
  1890 | D:3      | You fall into a shaft and drop 3 floors!
  1890 | D:6      | Found a staircase to the Ecumenical Temple.
  1891 | D:6      | Noticed a bullfrog
  1900 | D:6      | Slain by an ufetubus

Illustrated notes

Levels and vault maps discovered:
D:1:      onia_arrival_pyramid, layout_loops_cross, serial_shops, shop,
          minmay_tetromino_s4
D:2:      layout_basic
D:3:      layout_rooms, basic_ecumenical_altar, uniq_terence, uniq_jessica
D:6:      layout_basic, minmay_temple_entry_ruins

Skill      XL: |  1  2  3 |
---------------+----------+-----
Throwing       | 1 2 3 |  3.2
Fighting       | |  1.0
Short Blades   | |  1.0
Armour         | |  1.0
Spellcasting   | |  3.0
Evocations     | |  3.0

Action                   || total
-------------------------++-------
Melee: Short sword       ||    44
       Punch             ||     3
       Whip              ||    18
Throw: Javelin           ||    29
 Stab: Sleeping          ||     3
Armor: Robe              ||    19
Dodge: Dodged            ||    59
